 Dungeon Crawl Stone Soup version 0.27.0-1-g7a089689b8 (webtiles) character file.

Game seed: 5782174283899927468

221 Ozzies the Skirmisher (level 5, 0/52 HPs)
             Began as a Minotaur Fighter on Aug 8, 2021.
             Was a Follower of the Shining One.
             Slain by a lemure (6 damage)
             ... led by Pikel
             ... on level 5 of the Dungeon.
             The game lasted 00:03:33 (2865 turns).

Ozzies the Skirmisher (Minotaur Fighter)            Turns: 2865, Time: 00:03:34

Health: 0/52       AC: 10    Str: 22    XL:     5   Next: 65%
Magic:  4/4        EV:  7    Int:  5    God:    the Shining One [*.....]
Gold:   117        SH:  9    Dex:  9    Spells: 4/4 levels left

rFire    . . .     SeeInvis .   a - +0 trident
rCold    . . .     Faith    .   c - +0 kite shield
rNeg     . . .     Spirit   .   b - +0 scale mail
rPois    .         Reflect  .   (helmet restricted)
rElec    .         Harm     .   (no cloak)
rCorr    .         Rampage  .   i - +2 pair of gloves
Will     .....                  (no boots)
Stlth    ..........             (no amulet)
HPRegen  0.17/turn              (no ring)
MPRegen  0.09/turn              (no ring)

@: glowing
A: horns 2, retaliatory headbutt
a: Renounce Religion


You were on level 5 of the Dungeon.
You worshipped the Shining One.
The Shining One was aware of your devotion.
You visited 1 branch of the dungeon, and saw 5 of its levels.

You collected 117 gold pieces.

Inventory:

Hand Weapons
 a - a +0 trident (weapon)
Missiles
 g - 3 datura-tipped darts (quivered)
Armour
 b - a +0 scale mail (worn)
 c - a +0 kite shield (worn)
 i - a +2 pair of gloves (worn)
 o - a +0 plate armour
Scrolls
 e - a scroll of vulnerability {unknown}
 h - 2 scrolls of teleportation {unknown}
 j - a scroll of amnesia {unknown}
 k - a scroll of fear {unknown}
 l - 2 scrolls of identify {unknown}
 n - a scroll of noise {unknown}
 p - a scroll of enchant weapon {unknown}
Potions
 d - a potion of might {@q3 !q}
 f - 2 potions of heal wounds {unknown}
 m - a potion of attraction {unknown}
 q - a potion of brilliance {unknown}
 r - a potion of degeneration {unknown}
 s - 3 potions of curing {unknown}


   Skills:
 * Level 7.2 Fighting
 - Level 3.0 Polearms
 - Level 4.0 Armour
 - Level 4.0 Shields


You had 4 spell levels left.
You didn't know any spells.
Your spell library contained the following spells:

 Spells                   Type           Power      Damage    Failure   Level
 Animate Skeleton         Necr           0%         N/A       99%         1
 Apportation              Tloc           0%         N/A       99%         1
 Corona                   Hex            0%         N/A       99%         1
 Summon Small Mammal      Summ           0%         N/A       99%         1


Dungeon Overview and Level Annotations

Branches:
Dungeon (5/15)             Temple (0/1) D:4

Altars:
Wu Jian
The Shining One

Shops:
D:3 (

Annotations:
D:4 Pikel


Innate Abilities, Weirdness & Mutations

You have a pair of horns on your head.
You reflexively headbutt those who attack you in melee.


Message History

Aim: a lemure (haloed, about 31% to evade your +0 trident)
Your shield and scale mail prevent you from hitting the lemure.
You headbutt the lemure, but do no damage.
You block the orc's attack.
The orc hits you from afar with a +0 trident.
Reach: a) +0 trident
Press: ? - help, Dir - move target, f - orc, p - lemure
Aim: an orc, wielding a +0 trident (haloed, about 23% to evade your +0 trident)
You reach to attack!
You hit the orc but do no damage. The orc barely misses you.
Reach: a) +0 trident
Press: ? - help, Dir - move target, f/p - orc
Aim: an orc, wielding a +0 trident (haloed, about 23% to evade your +0 trident) Pikel is in the way.
You hit Pikel but do no damage. Your headbutt misses Pikel.
Pikel barely misses you.
The orc hits you from afar with a +0 trident.
You block the lemure's attack. Pikel hits you but does no damage.
The orc barely misses you.
Reach: a) +0 trident
Press: ? - help, Dir - move target, f - Pikel, p - orc
Aim: Pikel, wielding a +0 whip of electrocution and wearing a +2 robe of willpower (haloed, about 31% to evade your +0 trident)
You closely miss Pikel. You headbutt Pikel.
Pikel is lightly wounded.
The lemure hits you. Pikel barely misses you.
The orc hits you from afar with a +0 trident.
Reach: a) +0 trident
Press: ? - help, Dir - move target, f/p - Pikel
Aim: Pikel, wielding a +0 whip of electrocution and wearing a +2 robe of willpower (lightly wounded, haloed, about 32% to evade your +0 trident)
You hit Pikel but do no damage.
Pikel is lightly wounded.
The lemure hits you. You block Pikel's attack. You block the orc's attack.
The lemure hits you but does no damage.
Reach: a) +0 trident
Press: ? - help, Dir - move target, f/p - Pikel
Aim: Pikel, wielding a +0 whip of electrocution and wearing a +2 robe of willpower (lightly wounded, haloed, about 31% to evade your +0 trident)
You hit Pikel but do no damage. Your headbutt misses Pikel.
Pikel is lightly wounded.
Pikel barely misses you. The orc closely misses you.
You block the lemure's attack.
Pikel hits you with a +0 whip of electrocution.
You block the orc's attack.
Reach: a) +0 trident
Press: ? - help, Dir - move target, f/p - Pikel
Aim: Pikel, wielding a +0 whip of electrocution and wearing a +2 robe of willpower (lightly wounded, haloed, about 32% to evade your +0 trident)
You hit Pikel. Your headbutt misses Pikel.
Pikel is moderately wounded.
You block the lemure's attack.
Pikel says, "You'll make a fine lemure."
Pikel hits you with a +0 whip of electrocution.
The orc barely misses you.
Reach: a) +0 trident
Press: ? - help, Dir - move target, f/p - Pikel
Aim: Pikel, wielding a +0 whip of electrocution and wearing a +2 robe of willpower (moderately wounded, haloed, about 32% to evade your +0 trident)
You barely miss Pikel.
Pikel is moderately wounded.
The lemure hits you. Pikel barely misses you. The orc closely misses you.
The lemure hits you.
Reach: a) +0 trident
Press: ? - help, Dir - move target, f/p - Pikel
Aim: Pikel, wielding a +0 whip of electrocution and wearing a +2 robe of willpower (moderately wounded, haloed, about 31% to evade your +0 trident)
You hit Pikel but do no damage. Your headbutt misses Pikel.
Pikel is moderately wounded.
Pikel hits you with a +0 whip of electrocution.
You block the orc's attack. You block the lemure's attack.
Pikel hits you with a +0 whip of electrocution.
You are electrocuted!
* * * LOW HITPOINT WARNING * * *
The orc closely misses you.
There is a stone staircase leading down here.
The lemure closely misses you. You furiously retaliate!
You headbutt the lemure, but do no damage.
You climb downwards.
Found a scroll labelled ROTUANWERY and 19 gold pieces.
Found two stone staircases leading down.
There is a stone staircase leading up here.
You barely miss the lemure. The lemure barely misses you.
You furiously retaliate!
You headbutt the lemure! You hit the lemure. Your headbutt misses the lemure.
The lemure is heavily wounded.
You block the lemure's attack. The lemure hits you but does no damage.
You hit the lemure.
The lemure is severely wounded.
The lemure hits you but does no damage.
You hit the lemure.
You headbutt the lemure, but do no damage.
The lemure is severely wounded.
The lemure barely misses you.
You hit the lemure but do no damage. You headbutt the lemure.
The lemure is almost dead.
The lemure closely misses you. x2
You barely miss the lemure.
The lemure is almost dead.
You block the lemure's attack.
You hit the lemure but do no damage. Your headbutt misses the lemure.
The lemure is almost dead.
The lemure barely misses you. The lemure hits you but does no damage.
You hit the lemure. Your headbutt misses the lemure.
The lemure is almost dead.
The lemure hits you.
You die...

##### .....
####.$...
##........
##.........
#..........
.####.>........
....?.5@......#
........$.....#
#####.........#
#.........#
#....>....#
#.........#
#.........#
#.........#


You could see a lemure.

Vanquished Creatures
  2 orc wizards (D:3)
  Terence (D:2)
  A hound skeleton (D:4)
  3 adders
  4 worms (D:2)
  7 dart slugs
  5 orcs (D:3)
  3 bats (D:1)
  2 endoplasms (D:1)
  4 giant cockroaches
  7 goblins
  8 hobgoblins
  4 jackals (D:2)
  6 quokkas
  6 ball pythons
  3 frilled lizards (D:1)
  7 kobolds
  7 rats
80 creatures vanquished.

Notes
Turn   | Place    | Note
-------+----------+-------------------------------------------
     0 | D:1      | Ozzies the Minotaur Fighter began the quest for the Orb.
     0 | D:1      | Reached XP level 1. HP: 19/19 MP: 0/0
     6 | D:1      | Noticed a seven-headed hydra
     6 | D:1      | Noticed an iguana
     7 | D:1      | Noticed a wolf
     7 | D:1      | Noticed a water moccasin
    45 | D:1      | Reached skill level 4 in Fighting
    45 | D:1      | Reached XP level 2. HP: 27/27 MP: 1/1
   330 | D:1      | Reached XP level 3. HP: 33/33 MP: 2/2
   481 | D:1      | Found a faded altar of an unknown god.
   493 | D:1      | Became a worshipper of the Shining One
   493 | D:1      | Reached * piety under the Shining One
   869 | D:2      | Noticed Terence
   872 | D:2      | Killed Terence
   873 | D:2      | Reached skill level 5 in Fighting
   873 | D:2      | Reached XP level 4. HP: 37/42 MP: 3/3
  1615 | D:3      | Found Mauxzaoh's Weapon Boutique.
  1638 | D:3      | Found an ornate altar of the Wu Jian Council.
  1649 | D:3      | Reached skill level 6 in Fighting
  1651 | D:3      | Reached XP level 5. HP: 45/50 MP: 4/4
  2390 | D:3      | Reached skill level 7 in Fighting
  2687 | D:4      | Found a staircase to the Ecumenical Temple.
  2834 | D:4      | Noticed a lemure
  2836 | D:4      | Noticed Pikel
  2836 | D:4      | Noticed a lemure
  2837 | D:4      | Noticed a lemure
  2838 | D:4      | Noticed a lemure
  2849 | D:4      | HP: 2/52 [Pikel (17)]
  2857 | D:5      | Entered Level 5 of the Dungeon
  2865 | D:5      | Slain by a lemure

Illustrated notes

Levels and vault maps discovered:
D:1:      onia_arrival_zoo_common, layout_basic,
          shapermc_ecumenical_altar_starsandcircs, minmay_split_cup_large
D:2:      layout_loops_corners, uniq_terence
D:3:      layout_basic, nzn_wu_jian_contemplation, serial_shops,
          nicolae_shop_window_shopping
D:4:      layout_loops_corners, tso_oasis_becter,
          mainiacjoe_overflow_small_starburst, minmay_temple_entry_waves,
          uniq_pikel
D:5:      layout_rooms, mainiacjoe_overflow_alcove_2, makhleb_heckhound_becter,
          serial_corexii_hall, corexii_hall_statues_u, corexii_hall_statues_x

Skill      XL: |  1  2  3  4  5 |
---------------+----------------+-----
Fighting       | 4 5 6 7 |  7.2
Armour         | 4 |  4.0
Shields        | 4 |  4.0
Polearms       | 3 |  3.0

Action                   |  1- 3 |  4- 6 || total
-------------------------+-------+-------++-------
Melee: Trident           |    92 |   107 ||   199
       Headbutt          |     9 |    12 ||    21
Armor: Scale mail        |    15 |    34 ||    49
Dodge: Dodged            |    22 |    37 ||    59
Block: Kite shield       |    31 |    43 ||    74
